 Dungeon Crawl Stone Soup version 0.30.1-9-gdf580d7c3d (webtiles) character file.

Game seed: 8858264569122990138

1907 growler the Zephyrmancer (level 9, -2/52 HPs)
             Began as a Tengu Air Elementalist on Oct 25, 2023.
             Slain by a killer bee (7 damage)
             ... on level 7 of the Dungeon.
             The game lasted 00:18:02 (7759 turns).

growler the Zephyrmancer (Tengu Air Elementalist)   Turns: 7759, Time: 00:18:32

Health: -2/52      AC:  2    Str: 10    XL:     9   Next: 16%
Magic:  15/19      EV: 14    Int: 19    God:
Gold:   432        SH:  0    Dex: 14    Spells: 10/20 levels left

rFire   . . .        m - +0 dagger (vamp)
rCold   . . .        (no shield)
rNeg    . . .        a - +0 robe
rPois   .            (helmet restricted)
rElec   .            (no cloak)
rCorr   .            (no gloves)
SInv    .            (boots unavailable)
Will    .....        (no amulet)
Stlth   ++           (no ring)
HPRegen 0.28/turn    (no ring)
MPRegen 0.16/turn

%: no passive effects
@: lethally poisoned (-2 -> -8), flying quickly and evasively, quick
A: beak, talons 3, nimble flight
a: no special abilities


You were on level 7 of the Dungeon.
You visited 2 branches of the dungeon, and saw 8 of its levels.

You collected 432 gold pieces.

Inventory:

Hand Weapons
 m - a +0 vampiric dagger (weapon)
Armour
 a - a +0 robe (worn)
 f - a +0 pair of gloves
 u - a +0 buckler
Jewellery
 l - a ring of see invisible
 B - a ring of wizardry
Wands
 q - a wand of acid (5)
 t - a wand of paralysis (4)
 D - a wand of iceblast (8)
Scrolls
 g - a scroll of fear
 i - 2 scrolls of poison {unknown}
 j - a scroll of immolation
 k - a scroll of noise {unknown}
 n - a scroll of teleportation {unknown}
 o - 3 scrolls of identify {unknown}
 p - 2 scrolls of vulnerability {unknown}
 r - a scroll of enchant weapon {unknown}
 s - a scroll of magic mapping
 y - a scroll of blinking {unknown}
Potions
 b - a potion of magic
 c - 7 potions of curing {unknown}
 d - 2 potions of flight {unknown}
 e - 5 potions of attraction {unknown}
 h - 3 potions of heal wounds {unknown}
 v - a potion of lignification {unknown}
 w - a potion of resistance {unknown}
 x - 3 potions of mutation {unknown}
 z - a potion of brilliance {unknown}
 A - a potion of might {unknown}
 C - a potion of degeneration {unknown}


   Skills:
 + Level 4.4 Fighting
 + Level 2.1 Short Blades
 - Level 2.1 Dodging
 - Level 2.0 Stealth
 - Level 6.0 Spellcasting
 - Level 6.0 Conjurations
 + Level 10.0 Air Magic


You had 10 spell levels left.
You knew the following spells:

 Your Spells              Type           Power      Damage    Failure   Level
a - Shock                 Conj/Air       100%       1d9       1%          1
b - Static Discharge      Conj/Air       72%        2-5/arc   1%          2
c - Swiftness             Air            43%        N/A       1%          3
d - Airstrike             Air            21%        2d(4-20)  1%          4

Your spell library contained the following spells:

 Spells                   Type           Power      Damage    Failure   Level
 Cigotuvi's Dreadful Rot  Necr/Pois/Air  36%        N/A       4%          2
 Ignite Poison            Fire/Tmut/Pois 5%         N/A       32%         3
 Freezing Cloud           Conj/Ice/Air   13%        6-21      34%         5


Dungeon Overview and Level Annotations

Branches:
Dungeon (7/15)             Temple (1/1) D:7

Altars:
Cheibriados
Dithmenos
Fedhas
Gozag
Makhleb
Nemelex Xobeh
Qazlal
Ru
Sif Muna
Trog
Uskayaw
Yredelemnul
Zin
The Shining One

Shops:
D:1 !   D:4 =

Annotations:
D:4 2 runed translucent doors, lonewolfV2's ghost, amateur DsFi


Innate Abilities, Weirdness & Mutations

You have a beak for a mouth.
You have claws for feet.
Your magical nature lets you fly swiftly and evasively.


Message History

The ufetubus barely misses you. x2
There is a staircase to the Ecumenical Temple here.
Casting: Shock (safe; 1% risk of failure)
Confirm with . or Enter, or press ? or * to list all spells.
The ufetubus is struck by an arc of lightning.
The ufetubus is severely wounded.
The ufetubus is struck by an arc of lightning.
The ufetubus is severely wounded.
The lightning grounds out.
The killer bee is struck by an arc of lightning.
The killer bee is moderately wounded.
The killer bee is struck by an arc of lightning.
The killer bee is moderately wounded.
The lightning grounds out.
The killer bee stings you. The killer bee barely misses you.
The ufetubus closely misses you.
The ufetubus hits you. x2; The ufetubus barely misses you.
The killer bee stings you. x2
* * * LOW HITPOINT WARNING * * *
You are poisoned.
The killer bee poisons you! The killer bee closely misses you.
The white imp spits at you.
Casting: Static Discharge (safe; 1% risk of failure)
Confirm with . or Enter, or press ? or * to list all spells.
The killer bee is struck by an arc of lightning.
The killer bee is severely wounded.
You are struck by an arc of lightning.
* * * LOW HITPOINT WARNING * * *
The ufetubus is struck by an arc of lightning!
You kill the ufetubus!
The lightning grounds out.
The killer bee is struck by an arc of lightning.
The killer bee is lightly wounded.
You are struck by an arc of lightning.
* * * LOW HITPOINT WARNING * * *
The lightning grounds out.
* * * LOW HITPOINT WARNING * * *
You feel sick. The killer bee closely misses you.
The killer bee barely misses you. The killer bee misses you.
The killer bee stings you!
You die...

###......#.[.$.
#.....#........
#........O ....
##.......# .....
#.[.o..<.##.....
.........$.....!
................
.......$5y......
........@y......
.......$yy5#....
##......5#.#....
#.........5....
..#........5...
.####..5.......
##.....s...
#.........


You could see a scorpion, 4 killer bees, 4 white imps, a shadow imp, an orc and
an ufetubus.

Vanquished Creatures
  Pikel (D:4)
  Duvessa (D:5)
  A water moccasin (D:6)
  An ice beast (D:5)
  An ogre (D:4)
  A centaur (D:5)
  4 lemures (D:3)
  Blork the orc (D:5)
  5 scorpions
  Dowan (D:5)
  2 howler monkeys
  A jelly (D:6)
  4 hounds (D:5)
  2 orc priests
  Jessica (D:2)
  An orc wizard (D:6)
  2 iguanas
  A gnoll (D:1)
  10 adders
  3 ufetubi
  4 dart slugs
  16 orcs
  6 ball pythons
  4 bats
  8 endoplasms
  5 giant cockroaches
  8 goblins
  8 hobgoblins
  3 jackals (D:2)
  3 quokkas
  2 frilled lizards (D:1)
  4 kobolds
  3 rats (D:1)
118 creatures vanquished.

Notes
Turn   | Place    | Note
-------+----------+-------------------------------------------
     0 | D:1      | growler the Tengu Air Elementalist began the quest for the
                  | Orb.
     0 | D:1      | Reached XP level 1. HP: 10/10 MP: 4/4
   285 | D:1      | Reached XP level 2. HP: 14/15 MP: 0/6
   288 | D:1      | Learned a level 2 spell: Static Discharge
   692 | D:1      | Found Efueng's Distillery.
   696 | D:1      | Reached XP level 3. HP: 19/19 MP: 5/7
   700 | D:1      | Learned a level 3 spell: Swiftness
  1687 | D:2      | Reached XP level 4. HP: 5/24 MP: 1/9
  1871 | D:2      | Reached skill level 5 in Air Magic
  2273 | D:2      | Noticed Jessica
  2275 | D:2      | Killed Jessica
  2381 | D:2      | Found a hide-covered altar of Uskayaw.
  2771 | D:3      | Gained mutation: Your magical nature lets you fly swiftly
                  | and evasively. [Tengu growth]
  2771 | D:3      | Reached XP level 5. HP: 28/28 MP: 0/10
  3005 | D:3      | Found a shimmering blue altar of Sif Muna.
  3320 | D:3      | Found a shadowy altar of Dithmenos.
  3321 | D:3      | Found a burning altar of Makhleb.
  3645 | D:4      | Noticed an ogre
  3650 | D:4      | Killed an ogre
  3651 | D:4      | Reached XP level 6. HP: 32/32 MP: 6/12
  3710 | D:4      | Reached skill level 6 in Air Magic
  3778 | D:4      | Found a runed translucent door.
  3782 | D:4      | Noticed lonewolfV2's ghost (amateur DsFi)
  3792 | D:4      | Noticed Pikel
  4236 | D:3      | Learned a level 4 spell: Airstrike
  4438 | D:4      | Killed Pikel
  4439 | D:4      | Reached skill level 7 in Air Magic
  4439 | D:4      | Reached XP level 7. HP: 15/36 MP: 7/15
  4902 | D:4      | Reached skill level 8 in Air Magic
  4939 | D:4      | Found a runed translucent door.
  5017 | D:4      | Reached skill level 1 in Fighting
  5017 | D:4      | Reached XP level 8. HP: 35/43 MP: 8/16
  5192 | D:4      | Found Olleshue's Jewellery Boutique.
  5404 | D:4      | Reached skill level 5 in Spellcasting
  5504 | D:5      | Entered Level 5 of the Dungeon
  5900 | D:5      | Identified the +3 robe of Nyrir {rCorr Str-2 Int+3}
  6042 | D:5      | Noticed Blork the orc
  6044 | D:5      | Killed Blork the orc
  6045 | D:5      | Reached skill level 9 in Air Magic
  6061 | D:5      | Noticed Dowan
  6063 | D:5      | Noticed Duvessa
  6162 | D:5      | Killed Duvessa
  6168 | D:5      | Killed Dowan
  6767 | D:6      | Reached XP level 9. HP: 52/52 MP: 9/19
  6917 | D:6      | Found a glowing silver altar of Zin.
  6935 | D:6      | Reached skill level 1 in Short Blades
  6984 | D:6      | Found a snail-covered altar of Cheibriados.
  7502 | D:6      | Reached skill level 10 in Air Magic
  7649 | D:7      | Noticed a two-headed ogre
  7649 | D:7      | Found a staircase to the Ecumenical Temple.
  7655 | Temple   | Entered the Ecumenical Temple
  7759 | D:7      | Slain by a killer bee

Illustrated notes

Levels and vault maps discovered:
D:1:      nzn_arrival_depleted_hourglass, layout_loops_ring, serial_shops, shop,
          amcnicky_mini_pool_small, wander_ebering_terrifying_dragon_lair
D:2:      layout_basic, basic_altar, uniq_jessica
D:3:      layout_loops_cross, lemuel_blue_sif_altar,
          mainiacjoe_overflow_divided_tiny, minmay_misc_feat_x,
          chequers_serial_rivers_marsh
D:4:      layout_gridville, serial_shops, shop, ebering_ghost_sewer_f,
          minmay_between, uniq_pikel
D:5:      layout_rooms, uniq_duvessa, uniq_blork_the_orc
D:6:      layout_gridville, mainiacjoe_overflow_concentric_impassable,
          mainiacjoe_overflow_brackets, hangedman_decor_clover_reticule
D:7:      minmay_razor_zed, layout_cave_pools, doesnt_xom_only_xom,
          mainiacjoe_overflow_paths, minmay_temple_entry_offerings,
          serial_demonic, serial_demonic_a, serial_demonic_a, serial_demonic_e,
          serial_demonic_b
Temple:   nicolae_temple_superstar

Skill      XL: |  1  2  3  4  5  6  7  8  9 |
---------------+----------------------------+-----
Conjurations   | 2 3 4 6 |  6.0
Air Magic      | 5 7 8 9 10 | 10.0
Spellcasting   | 3 4 6 |  6.0
Fighting       | 1 4 |  4.4
Short Blades   | 2 |  2.1
Dodging        | |  2.1
Stealth        | |  2.0

Action                     |  1- 3 |  4- 6 |  7- 9 || total
---------------------------+-------+-------+-------++-------
  Melee: Unarmed           |    17 |     2 |       ||    19
         Kick              |     7 |     1 |     2 ||    10
         Peck              |     3 |       |       ||     3
         Dagger            |       |     3 |     9 ||    12
   Cast: Shock             |    82 |    70 |    73 ||   225
         Static Discharge  |     1 |    29 |     7 ||    37
         Airstrike         |       |     2 |    35 ||    37
    Use: Scroll            |       |     1 |     2 ||     3
   Stab: Sleeping          |     1 |       |       ||     1
 Armour: Robe              |     5 |     4 |     1 ||    10
  Dodge: Dodged            |    16 |    22 |    30 ||    68
